 Dungeon Crawl Stone Soup version 0.28-a0-620-g539b0f7ac7 (webtiles) character file.

Game seed: 16445855921236716956

36 robertstho the Magician (level 3, -4/26 HPs)
             Began as a Djinni Fire Elementalist on Oct 6, 2021.
             Slain by Sigmund (5 damage)
             ... on level 2 of the Dungeon.
             The game lasted 00:02:24 (2412 turns).

robertstho the Magician (Djinni Fire Elementalist)  Turns: 2412, Time: 00:02:25

Health: -4/26      AC:  2    Str:  7    XL:     3   Next: 57%
Gold:   40         EV: 12    Int: 17    God:
                   SH:  0    Dex: 13

rFire   + + .      SeeInvis .   (no weapon)
rCold   x . .      Faith    .   (no shield)
rNeg    . . .      Spirit   .   a - +0 robe
rPois   ∞          Reflect  .   (no helmet)
rElec   .          Harm     .   (no cloak)
rCorr   .          Rampage  .   (no gloves)
Will    .....                   (boots unavailable)
Stlth   ++........              (no amulet)
HPRegen 0.08/turn               (no ring)
MPRegen 0.00/turn               (no ring)

@: flying
A: sickness immunity, fire resistance 2, cold vulnerability 1, float, innate
caster, hp casting, extra vitality 1
a: no special abilities


You were on level 2 of the Dungeon.
You visited 1 branch of the dungeon, and saw 2 of its levels.

You collected 40 gold pieces.

Inventory:

Armour
 a - a +0 robe (worn)
Scrolls
 b - 3 scrolls of identify {unknown}
 c - a scroll of immolation {unknown}
 d - a scroll of teleportation {unknown}
Potions
 e - a potion of heal wounds {unknown}


   Skills:
 * Level 0.8 Fighting
 * Level 1.3 Armour
 * Level 2.3 Dodging
 + Level 1.6 Stealth
 + Level 2.9 Spellcasting


You couldn't memorise any spells.
You knew the following spells:

 Your Spells              Type           Power      Damage    Failure   Level
a - Foxfire               Conj/Fire      48%        2x1d6     5%          1
b - Scorch                Fire           24%        2d6       8%          2
c - Conjure Flame         Conj/Fire      12%        6-21      16%         3
d - Inner Flame           Hex/Fire       12%        N/A       16%         3
e - Flame Wave            Conj/Fire      12%        3d4       45%         4
f - Sting                 Tmut/Pois      48%        1d5       5%          1
Your spell library was empty.

Dungeon Overview and Level Annotations

Branches:
Dungeon (2/15)

Altars:

Shops:
D:1 (

Annotations:
D:2 Sigmund


Innate Abilities, Weirdness & Mutations

You are immune to sickness and miasma.
You are immune to poison.
Your flesh is very heat resistant. (rF++)
You are vulnerable to cold. (rC-)
You float through the air rather than walking.
You learn spells naturally, not from books.
Your magical power is your life essence.
You have superior vitality. (+4 HP)


Message History

Press: ? - help, Q - select action, (/) - cycle Dir - look around, f - activate You miscast Foxfire.
You are very lightly contaminated with residual magic.
Nothing appears to happen.
The foxfire hits Sigmund.
Sigmund is moderately wounded.
The foxfire hits Sigmund.
Sigmund is moderately wounded.
Unknown command.
Sigmund gestures at you while chanting.
You are confused.
Sigmund casts a spell at you. The puff of flame hits you. You resist.
Found 9 gold pieces.
Sigmund gestures at you while chanting. The puff of flame hits you. You resist.
Your magical contamination has completely faded away.
Sigmund points at you and mumbles some strange words.
The puff of flame hits you. You resist.
You're too confused to cast spells.
You're too confused to cast spells.
You're too confused to cast spells.
Unknown command.
You feel less confused. Sigmund casts a spell at you.
You are confused.
Sigmund points at you and mumbles some strange words.
The puff of flame misses you.
You bump into the rock wall.
Sigmund giggles. "Time to reap what you sow."
Sigmund barely misses you.
You bump into the rock wall.
Sigmund hits you from afar with a +0 scythe.
Sigmund hits you with a +0 scythe!
* * * LOW HITPOINT WARNING * * *
You bump into the rock wall.
You feel less confused.
Sigmund screams, "Only death can liberate you!"
Sigmund hits you with a +0 scythe.
You die...

....##### ###.......#
# .........#
#.###.......# #.#.
#......# ... #......#
#.##......##########
####.@.#....+.........
#≈≈≈≈@≈#....##§#####.#
####...#####...§§..#.#
#........#.......#.#
########$#.......#.#
#.......#.#
####.####'# #..#....
##.#.... #.#....


You could see Sigmund.

Vanquished Creatures
  2 dart slugs
  2 ball pythons
  4 bats (D:1)
  4 endoplasms (D:1)
  3 giant cockroaches
  4 goblins
  A hobgoblin (D:1)
  A kobold (D:1)
  3 quokkas (D:1)
  A frilled lizard (D:1)
  A rat (D:1)
26 creatures vanquished.

Vanquished Creatures (others)
  123 foxfires
123 creatures vanquished.

Grand Total: 149 creatures vanquished

Notes
Turn   | Place    | Note
-------+----------+-------------------------------------------
     0 | D:1      | robertstho the Djinni Fire Elementalist began the quest for
                  | the Orb.
     0 | D:1      | Reached XP level 1. HP: 15/15 MP: 0/0
   528 | D:1      | Reached XP level 2. HP: 15/21 MP: 0/0
   683 | D:1      | Found Xot Komn's Antique Weapon Shoppe.
  1336 | D:1      | Reached skill level 1 in Armour
  1338 | D:1      | Reached XP level 3. HP: 7/26 MP: 0/0
  1338 | D:1      | Learned a level 1 spell: Sting
  2023 | D:1      | Found a faded altar of an unknown god.
  2390 | D:2      | Noticed Sigmund
  2410 | D:2      | HP: 1/26 [Sigmund (10)]
  2412 | D:2      | Slain by Sigmund

Illustrated notes

Levels and vault maps discovered:
D:1:      heliophobic_arrival_dark_side_of_the_moon, layout_loops_cross,
          serial_shops, shop, shapermc_ecumenical_altar_mp_vishouse,
          minmay_misc_feat_five
D:2:      layout_basic, basic_altar, chequers_serial_rivers_micro_b,
          uniq_sigmund

Skill      XL: |  1  2 |
---------------+-------+-----
Armour         | 1 |  1.3
Fighting       | |  0.8
Dodging        | |  2.3
Stealth        | |  1.6
Spellcasting   | |  2.9

Action                   || total
-------------------------++-------
Melee: Unarmed           ||     6
 Cast: Foxfire           ||    80
Armor: Robe              ||     3
Dodge: Dodged            ||    38

Table legend: (Time is in decaauts)
 A = Elapsed time spent in this place.
 B = Non-inter-level travel time spent in this place.
 C = Inter-level travel time spent in this place.
 D = Time resting spent in this place.
 E = Time spent auto-exploring this place.
 F = Levels seen in this place.
 G = Mean time per level.
                   A        B        C        D        E       F      G
               +--------+--------+--------+--------+--------+-----+--------+
         Total |   2411 |   2388 |     23 |      0 |   2161 |   2 | 1205.5 |
       Dungeon |   2411 |   2388 |     23 |      0 |   2161 |   2 | 1205.5 |
               +--------+--------+--------+--------+--------+-----+--------+

Top non-repeatable levels by time:
     D:1: 2120 daAuts
     D:2: 291 daAuts
